 Dungeon Crawl Stone Soup version 0.29-a0-40-g8eb35efe60 (webtiles) character file.

Game seed: 5296636191029047390

78 funkygono the Firebug (level 4, 0/24 HPs)
             Began as a Gargoyle Fire Elementalist on Feb 1, 2022.
             Slain by Sigmund (12 damage)
             ... on level 2 of the Dungeon.
             The game lasted 00:03:15 (2071 turns).

funkygono the Firebug (Gargoyle Fire Elementalist)  Turns: 2071, Time: 00:03:16

Health: 0/24       AC:  5    Str: 12    XL:     4   Next: 36%
Magic:  6/8        EV: 12    Int: 17    God:
Gold:   73         SH:  0    Dex: 10    Spells: 3/9 levels left

rFire   . . .      SeeInvis .   i - +0 whip
rCold   + . .      Faith    .   (no shield)
rNeg    + . .      Spirit   .   a - +0 robe
rPois   ∞          Reflect  .   (no helmet)
rElec   +          Harm     .   (no cloak)
rCorr   .          Rampage  .   (no gloves)
Will    .....                   (no boots)
Stlth   ++........              (no amulet)
HPRegen 0.08/turn               e - ring of protection from cold
MPRegen 0.11/turn               (no ring)

@: no status effects
A: sickness immunity, AC +3, negative energy resistance 1, electricity
resistance, torment resistance 1, petrification resistance
a: no special abilities


You were on level 2 of the Dungeon.
You visited 1 branch of the dungeon, and saw 2 of its levels.

You collected 73 gold pieces.

Inventory:

Hand Weapons
 c - a +0 dagger
 f - a +0 club
 i - a +0 whip (weapon)
Missiles
 b - 82 stones
Armour
 a - a +0 robe (worn)
 d - a +0 leather armour
Jewellery
 e - a ring of protection from cold (left hand)
Scrolls
 g - a scroll of holy word {unknown}
 k - a scroll of identify {unknown}
 m - a scroll of blinking {unknown}
 n - a scroll of fog {unknown}
Potions
 h - a potion of heal wounds {unknown}
 j - a potion of lignification {unknown}
 l - a potion of brilliance {unknown}


   Skills:
 + Level 1.6 Dodging
 - Level 2.1 Stealth
 * Level 3.1 Spellcasting
 * Level 2.1 Conjurations
 * Level 3.8 Fire Magic


You had 3 spell levels left.
You knew the following spells:

 Your Spells              Type           Power      Damage    Failure   Level
a - Foxfire               Conj/Fire      48%        2x1d6     5%          1
b - Scorch                Fire           30%        2d6       5%          2
c - Conjure Flame         Conj/Fire      12%        6-21      16%         3

Your spell library contained the following spells:

 Spells                   Type           Power      Damage    Failure   Level
 Inner Flame              Hex/Fire       9%         N/A       24%         3
 Flame Wave               Conj/Fire      12%        2d6       45%         4


Dungeon Overview and Level Annotations

Branches:
Dungeon (2/15)

Altars:

Annotations:
D:2 Sigmund


Innate Abilities, Weirdness & Mutations

You are immune to sickness and miasma.
Your stone body is resilient. (AC +3)
You are immune to poison.
You resist negative energy. (rN+)
You are resistant to electric shocks. (rElec)
You are resistant to unholy torment.
You are immune to petrification.


Message History

Confirm with . or Enter, or press ? or * to list all spells.
You conjure some foxfire!
The foxfire hits Sigmund.
Sigmund completely resists.
Sigmund is moderately wounded.
The foxfire hits Sigmund but does no damage.
Sigmund is moderately wounded.
The foxfire hits Sigmund.
Sigmund completely resists.
Sigmund is moderately wounded.
Casting: Foxfire (safe; 5% risk of failure)
Confirm with . or Enter, or press ? or * to list all spells.
You conjure some foxfire!
The foxfire hits Sigmund.
Sigmund resists.
Sigmund is moderately wounded.
The foxfire hits Sigmund.
Sigmund resists.
Sigmund is moderately wounded.
Unknown command.
The foxfire hits Sigmund.
Sigmund resists.
Sigmund is heavily wounded.
The foxfire hits Sigmund but does no damage.
Sigmund is heavily wounded.
The foxfire hits Sigmund.
Sigmund resists.
Sigmund is heavily wounded.
You climb upwards.
There is a stone staircase leading down here.
You start resting.
Magic restored.
You climb downwards.
Level annotation: Sigmund Sigmund hits you from afar with a +1 scythe of venom!
Ouch! That really hurt!
There is a stone staircase leading up here.
Casting: Foxfire (safe; 5% risk of failure)
Confirm with . or Enter, or press ? or * to list all spells.
You conjure some foxfire!
Sigmund mumbles some strange words.
Sigmund flickers and vanishes!
Deactivating autopickup; reactivate with Ctrl-A.
Casting: Foxfire (safe; 5% risk of failure)
Confirm with . or Enter, or press ? or * to list all spells.
You conjure some foxfire!
The foxfire hits something. x2; Something hits you!
Ouch! That really hurt!
You die...

.. #.# ##.## #.# #.#
#...# ...##.# #...#
......# #...# ... ..#
#...# .. #.# #..÷#######
#† #.######.........#
#.##.........{vv....#
.#..............@....#
.[.............§.....#
.....#######...#####....
#..#.# ###.........###
#..#.# #..)...######
...#.# #.#....# #.##..
#.#....# #. #.. . .....#
... ## ####.#


There were no monsters in sight!

Vanquished Creatures
  A jelly (D:2)
  A worm (D:2)
  2 dart slugs (D:1)
  9 endoplasms
  A giant cockroach (D:2)
  5 goblins (D:1)
  3 hobgoblins (D:1)
  2 quokkas
  5 ball pythons (D:1)
  A frilled lizard (D:1)
  4 kobolds
  6 rats
  A spectral hobgoblin (D:1)
41 creatures vanquished.

Vanquished Creatures (others)
  133 foxfires
133 creatures vanquished.

Grand Total: 174 creatures vanquished

Notes
Turn   | Place    | Note
-------+----------+-------------------------------------------
     0 | D:1      | funkygono the Gargoyle Fire Elementalist began the quest
                  | for the Orb.
     0 | D:1      | Reached XP level 1. HP: 10/10 MP: 3/3
   222 | D:1      | Reached XP level 2. HP: 15/15 MP: 0/5
   225 | D:1      | Learned a level 2 spell: Scorch
   906 | D:1      | Found a faded altar of an unknown god.
  1053 | D:1      | Reached XP level 3. HP: 19/19 MP: 4/6
  1057 | D:1      | Learned a level 3 spell: Conjure Flame
  1607 | D:2      | Noticed Sigmund
  1767 | D:2      | Reached XP level 4. HP: 24/24 MP: 3/8
  2071 | D:2      | Slain by Sigmund

Illustrated notes

Levels and vault maps discovered:
D:1:      lightli_arrival_chessboard, layout_loops_ring,
          dreamdust_ecumenical_altar_drowned_temple, minmay_pentomino_t4
D:2:      layout_loops_cross, uniq_sigmund

Skill      XL: |  1  2  3 |
---------------+----------+-----
Spellcasting   | 3 |  3.1
Conjurations   | 2 |  2.1
Dodging        | |  1.6
Stealth        | |  2.1
Fire Magic     | |  3.8

Action                   |  1- 3 |  4- 6 || total
-------------------------+-------+-------++-------
Melee: Whip              |     4 |       ||     4
 Cast: Foxfire           |    56 |    23 ||    79
       Scorch            |     6 |     2 ||     8
Armor: Robe              |     5 |       ||     5
Dodge: Dodged            |    10 |     1 ||    11

Table legend: (Time is in decaauts)
 A = Elapsed time spent in this place.
 B = Non-inter-level travel time spent in this place.
 C = Inter-level travel time spent in this place.
 D = Time resting spent in this place.
 E = Time spent auto-exploring this place.
 F = Levels seen in this place.
 G = Mean time per level.
                   A        B        C        D        E       F      G
               +--------+--------+--------+--------+--------+-----+--------+
         Total |   2089 |   2042 |     47 |    227 |   1424 |   2 | 1044.5 |
       Dungeon |   2089 |   2042 |     47 |    227 |   1424 |   2 | 1044.5 |
               +--------+--------+--------+--------+--------+-----+--------+

Top non-repeatable levels by time:
     D:1: 1864 daAuts
     D:2: 225 daAuts
